[Event "24th European Women Club Cup 2019"]
[Site "Ulcinj"]
[Date "2019.11.15"]
[Round "6.27"]
[White "Djukic, Sandra"]
[Black "Rakic, Tijana"]
[Result "1/2-1/2"]
[ECO "A81"]
[WhiteElo "2148"]
[BlackElo "1680"]
[Annotator "NA"]
[PlyCount "133"]
[EventDate "2019.11.10"]
[EventType "team-tourn"]
[EventCountry "MNE"]
[SourceTitle "playchess.com"]
[Source "ChessBase"]
[SourceQuality "1"]
[WhiteTeam "Asseco SEE"]
[BlackTeam "MNE Woman Chess"]
[TimeControl "40/5400+30:1800+30"]

1. d4 f5 2. g3 e6 3. Bg2 Nf6 4. Nf3 d5 5. O-O Bd6 6. c4 O-O 7. b3 Ne4 8. Qc2 Nd7 9. Bb2 c5 10. dxc5 Bxc5 11. e3 Ndf6 12. cxd5 Nxd5 13. Bd4 b6 14. Rd1 Ba6 15. Qb2 Rc8 16. Na3 Qe7 17. Nc2 Bb4 18. Nxb4 Nxb4 19. Ne1 Nf6 20. Rac1 Nbd5 21. Nd3 Rxc1 22. Qxc1 Rc8 23. Qb2 Bxd3 24. Rxd3 Qc7 25. Bf3 Qc1+ 26. Qxc1 Rxc1+ 27. Rd1 Rc2 28. Bxf6 Nxf6 29. a4 Rb2 30. Rd3 Ng4 31. Bxg4 fxg4 32. Rd8+ Kf7 33. Rd7+ Kf6 34. Rxa7 Rxb3 35. Ra8 h5 36. Rf8+ Ke7 37. Rf4 b5 38. axb5 Rxb5 39. Ra4 Rb2 40. Kg2 Kf6 41. Rf4+ Ke7 42. Rc4 Kf6 43. Rc1 Ra2 44. Rh1 Rb2 45. h3 Ra2 46. hxg4 hxg4 47. Rh4 Kg5 48. Rh8 Kf6 49. Rf8+ Kg5 50. Kf1 Rb2 51. Ke1 Ra2 52. Rd8 Kf5 53. Rd7 g6 54. Rd4 Rb2 55. Ra4 Rc2 56. Kf1 Rb2 57. Kg2 Re2 58. Kf1 Rb2 59. Ra8 Rc2 60. Rg8 Ra2 61. Re8 Rb2 62. Rf8+ Kg5 63. Ke1 Ra2 64. Rd8 Kf5 65. Rd4 Rb2 66. Ra4 Rc2 67. Rb4 1/2-1/2

[Event "24th European Women Club Cup 2019"]
[Site "Ulcinj"]
[Date "2019.11.15"]
[Round "6.28"]
[White "Radosevic, Nevena"]
[Black "Manova, Ivana"]
[Result "0-1"]
[ECO "E13"]
[WhiteElo "1706"]
[BlackElo "1795"]
[Annotator "NA"]
[PlyCount "56"]
[EventDate "2019.11.10"]
[EventType "team-tourn"]
[EventCountry "MNE"]
[SourceTitle "playchess.com"]
[Source "ChessBase"]
[SourceQuality "1"]
[WhiteTeam "MNE Woman Chess"]
[BlackTeam "Asseco SEE"]
[TimeControl "40/5400+30:1800+30"]

1. d4 Nf6 2. c4 e6 3. Nc3 Bb4 4. Qc2 b6 5. Bg5 Bb7 6. e3 h6 7. Bh4 O-O 8. Nf3 d6 9. h3 g5 10. Bg3 Ne4 11. Bd3 f5 12. a3 Bxc3+ 13. bxc3 Nd7 14. Bh2 Qe8 15. O-O Ndf6 16. Nd2 Nxd2 17. Qxd2 Kh8 18. Qe2 g4 19. hxg4 Nxg4 20. f3 Nxh2 21. Kxh2 Qh5+ 22. Kg1 Rg8 23. e4 Rg3 24. Kf2 Rag8 25. Rg1 Qh4 26. Kf1 fxe4 27. fxe4 Rf8+ 28. Ke1 Rxg2+ 0-1

[Event "24th European Women Club Cup 2019"]
[Site "Ulcinj"]
[Date "2019.11.16"]
[Round "7.1"]
[White "Bodnaruk, Anastasia"]
[Black "Javakhishvili, Lela"]
[Result "1/2-1/2"]
[ECO "B09"]
[WhiteElo "2412"]
[BlackElo "2457"]
[Annotator "ChessBase"]
[PlyCount "33"]
[EventDate "2019.11.10"]
[EventType "team-tourn"]
[EventCountry "MNE"]
[SourceTitle "playchess.com"]
[Source "ChessBase"]
[SourceQuality "1"]
[WhiteTeam "SPB"]
[BlackTeam "Nona"]
[TimeControl "40/5400+30:1800+30"]

1. e4 d6 2. d4 Nf6 3. Nc3 g6 4. f4 Bg7 5. Nf3 c5 6. Bb5+ Bd7 7. e5 Ng4 8. e6 fxe6 9. Ng5 Bxb5 10. Nxe6 Bxd4 11. Nxb5 Qa5+ 12. c3 Bf2+ 13. Kd2 Be3+ 14. Ke1 Bf2+ 15. Kd2 Be3+ 16. Ke1 Bf2+ 17. Kd2 1/2-1/2

[Event "24th European Women Club Cup 2019"]
[Site "Ulcinj"]
[Date "2019.11.16"]
[Round "7.2"]
[White "Batsiashvili, Nino"]
[Black "Ovod, Evgenija"]
[Result "1/2-1/2"]
[ECO "D14"]
[WhiteElo "2422"]
[BlackElo "2347"]
[Annotator "NA"]
[PlyCount "61"]
[EventDate "2019.11.10"]
[EventType "team-tourn"]
[EventCountry "MNE"]
[SourceTitle "playchess.com"]
[Source "ChessBase"]
[SourceQuality "1"]
[WhiteTeam "Nona"]
[BlackTeam "SPB"]
[TimeControl "40/5400+30:1800+30"]

1. d4 d5 2. c4 c6 3. cxd5 cxd5 4. Nf3 Nf6 5. Nc3 Nc6 6. Bf4 Bf5 7. e3 e6 8. Qb3 Bb4 9. Ne5 Bxc3+ 10. bxc3 Nxe5 11. Bxe5 O-O 12. Be2 Rc8 $11 13. O-O Ne4 14. Qxb7 f6 15. Bg3 Rf7 16. Qa6 Nxc3 17. Rfc1 Nxe2+ 18. Qxe2 Rb7 19. Qa6 Rxc1+ 20. Rxc1 Qb6 21. Rc8+ Kf7 22. Qxb7+ Qxb7 23. Rc7+ Qxc7 24. Bxc7 Bd3 25. f3 h5 26. h4 g5 27. Kf2 Kg6 28. Bb8 a6 29. Be5 g4 30. fxg4 hxg4 31. Kg3 1/2-1/2

[Event "24th European Women Club Cup 2019"]
[Site "Ulcinj"]
[Date "2019.11.16"]
[Round "7.3"]
[White "Belenkaya, Dina"]
[Black "Khotenashvili, Bela"]
[Result "1/2-1/2"]
[ECO "B19"]
[WhiteElo "2302"]
[BlackElo "2446"]
[Annotator "NA"]
[PlyCount "62"]
[EventDate "2019.11.10"]
[EventType "team-tourn"]
[EventCountry "MNE"]
[SourceTitle "playchess.com"]
[Source "ChessBase"]
[SourceQuality "1"]
[WhiteTeam "SPB"]
[BlackTeam "Nona"]
[TimeControl "40/5400+30:1800+30"]

1. e4 c6 2. d4 d5 3. Nc3 dxe4 4. Nxe4 Bf5 5. Ng3 Bg6 6. h4 h6 7. Nf3 Nd7 8. h5 Bh7 $11 9. Bd3 Bxd3 10. Qxd3 e6 11. Bd2 Ngf6 12. O-O-O Be7 13. Ne4 Nxe4 14. Qxe4 Nf6 15. Qe2 Qd5 16. c4 Qe4 17. Qxe4 Nxe4 18. Be3 f5 19. Nd2 Nxd2 20. Kxd2 Kf7 21. Ke2 Rhd8 22. Rd3 Rd7 23. Rhd1 Bf6 24. f3 a6 25. b3 Re8 26. g4 Red8 27. R3d2 b5 28. Rd3 Re8 29. R3d2 Red8 30. Rd3 Re8 31. R3d2 Red8 1/2-1/2

[Event "24th European Women Club Cup 2019"]
[Site "Ulcinj"]
[Date "2019.11.16"]
[Round "7.4"]
[White "Melia, Salome"]
[Black "Styazhkina, Anna"]
[Result "1/2-1/2"]
[ECO "C68"]
[WhiteElo "2380"]
[BlackElo "2280"]
[Annotator "NA"]
[PlyCount "64"]
[EventDate "2019.11.10"]
[EventType "team-tourn"]
[EventCountry "MNE"]
[SourceTitle "playchess.com"]
[Source "ChessBase"]
[SourceQuality "1"]
[WhiteTeam "Nona"]
[BlackTeam "SPB"]
[TimeControl "40/5400+30:1800+30"]

1. e4 e5 2. Nf3 Nc6 3. Bb5 a6 4. Bxc6 dxc6 5. O-O Bd6 6. d4 exd4 7. Qxd4 f6 8. Nbd2 Be6 9. b3 Ne7 10. Nc4 Bxc4 11. Qxc4 Qd7 12. Bb2 Ng6 13. e5 fxe5 14. Nxe5 Nxe5 15. Bxe5 Bxe5 16. Rae1 O-O-O 17. Rxe5 Rhe8 18. Rxe8 Rxe8 19. h3 a5 20. Qc3 b6 21. Re1 Rxe1+ 22. Qxe1 Qd4 23. a4 Kb7 24. g3 c5 25. c4 h6 26. h4 Qb2 27. Qe4+ Kb8 28. Qe3 Kb7 29. Kg2 Qc2 30. Qf3+ Ka7 31. Qf4 Kb7 32. Qf3+ Ka7 1/2-1/2

[Event "24th European Women Club Cup 2019"]
[Site "Ulcinj"]
[Date "2019.11.16"]
[Round "7.5"]
[White "Koneru, Humpy"]
[Black "Ushenina, Anna"]
[Result "1-0"]
[ECO "D31"]
[WhiteElo "2577"]
[BlackElo "2439"]
[Annotator "ChessBase"]
[PlyCount "81"]
[EventDate "2019.11.10"]
[EventType "team-tourn"]
[EventCountry "MNE"]
[SourceTitle "playchess.com"]
[Source "ChessBase"]
[SourceQuality "1"]
[WhiteTeam "Cercle d`Echecs"]
[BlackTeam "Ugra"]
[TimeControl "40/5400+30:1800+30"]

1. d4 d5 2. c4 e6 3. Nc3 Be7 4. cxd5 exd5 5. Bf4 Nf6 6. e3 Bf5 7. Nge2 c6 8. Ng3 Bg6 9. Bd3 Nbd7 10. O-O Nb6 11. f3 Nh5 12. Nxh5 Bxh5 13. Qc2 Bg6 14. Rad1 Bxd3 15. Qxd3 O-O 16. e4 Qd7 17. Rfe1 Rad8 18. Re2 dxe4 19. fxe4 Qg4 20. Qf3 Qg6 21. a4 Bb4 22. Na2 Bd6 23. Bxd6 Rxd6 24. a5 Na8 25. Nc3 Nc7 26. d5 Rd7 27. Red2 Rfd8 28. Qf4 cxd5 29. exd5 Ne8 30. Re2 Nd6 31. Rde1 h6 32. h3 Rc8 33. Re7 Rxe7 34. Rxe7 Rd8 35. Kh2 Qd3 36. Qf2 a6 37. Qb6 Nf5 38. Qxd8+ Kh7 39. Qc7 Nxe7 40. Qxe7 f5 41. d6 1-0

[Event "24th European Women Club Cup 2019"]
[Site "Ulcinj"]
[Date "2019.11.16"]
[Round "7.6"]
[White "Pogonina, Natalija"]
[Black "Cramling, Pia"]
[Result "1/2-1/2"]
[ECO "E04"]
[WhiteElo "2479"]
[BlackElo "2443"]
[Annotator "ChessBase"]
[PlyCount "131"]
[EventDate "2019.11.10"]
[EventType "team-tourn"]
[EventCountry "MNE"]
[SourceTitle "playchess.com"]
[Source "ChessBase"]
[SourceQuality "1"]
[WhiteTeam "Ugra"]
[BlackTeam "Cercle d`Echecs"]
[TimeControl "40/5400+30:1800+30"]

1. d4 Nf6 2. c4 e6 3. g3 d5 4. Bg2 dxc4 5. Nf3 Bb4+ 6. Bd2 a5 7. O-O O-O 8. e3 Nc6 9. Qe2 Bd6 10. Bc3 Qe7 11. Nbd2 Nd5 12. Nxc4 e5 13. dxe5 Nxc3 14. bxc3 Nxe5 15. Nxd6 Nxf3+ 16. Bxf3 Qxd6 17. Rfd1 Qf6 18. Rab1 c6 19. c4 a4 20. Bg2 Qe7 21. Qb2 h6 22. a3 Re8 23. Rd4 Bf5 24. Rbd1 Be6 25. Bf1 Qc7 26. h4 Ra5 27. Rb1 Bc8 28. Qb6 Qxb6 29. Rxb6 Kf8 30. Bd3 g5 31. Kf1 Ke7 32. Ke2 Rd8 33. hxg5 hxg5 34. Rxd8 Kxd8 35. Rb1 Kc7 36. Kd2 Be6 37. Kc3 b6 38. Rh1 Ra8 39. f4 gxf4 40. gxf4 Rd8 41. Rh6 Rg8 42. Rh7 Rf8 43. e4 Kd6 44. Kd4 c5+ 45. Kc3 f6 46. Rb7 Kc6 47. Ra7 Rh8 48. Rg7 Kd6 49. Rg6 Ke7 50. e5 fxe5 51. f5 Bc8 52. Rxb6 Rh3 53. Kd2 Rh2+ 54. Ke1 Rh3 55. Ke2 Rh2+ 56. Kf1 Rh4 57. Rc6 Bxf5 58. Bxf5 Rf4+ 59. Ke2 Rxf5 60. Rxc5 Kd6 61. Ra5 Rf4 62. Rxa4 Kc5 63. Kd3 e4+ 64. Ke3 Rh4 65. Rb4 Rh3+ 66. Kxe4 1/2-1/2

[Event "24th European Women Club Cup 2019"]
[Site "Ulcinj"]
[Date "2019.11.16"]
[Round "7.7"]
[White "Daulyte-Cornette, Deimante"]
[Black "Girya, Olga"]
[Result "0-1"]
[ECO "B12"]
[WhiteElo "2405"]
[BlackElo "2476"]
[Annotator "ChessBase"]
[PlyCount "112"]
[EventDate "2019.11.10"]
[EventType "team-tourn"]
[EventCountry "MNE"]
[SourceTitle "playchess.com"]
[Source "ChessBase"]
[SourceQuality "1"]
[WhiteTeam "Cercle d`Echecs"]
[BlackTeam "Ugra"]
[TimeControl "40/5400+30:1800+30"]

1. e4 c6 2. d4 d5 3. e5 Bf5 4. h4 h5 5. Bd3 Bxd3 6. Qxd3 Qa5+ 7. Nd2 e6 8. Ne2 Ne7 9. O-O Nf5 10. Nf3 Qa6 11. Qd1 Be7 12. Bg5 Bxg5 13. Nxg5 g6 14. g3 Nd7 15. b3 Kf8 16. Nf4 Kg7 17. Nfxe6+ fxe6 18. Nxe6+ Kh7 19. Nc7 Qb6 20. Nxa8 Rxa8 21. c3 Nf8 22. Qd3 Ne6 23. b4 Rf8 24. Kh2 Qd8 25. f4 Rf7 26. a4 Qf8 27. Ra2 Kg7 28. Rg2 Nh6 29. Kg1 Kh7 30. Rf3 Ng4 31. Kf1 Rf5 32. Ke2 a5 33. bxa5 Qa3 34. Qb1 Qxa4 35. Qxb7+ Ng7 36. Qb1 Rf7 37. Ke1 Qxa5 38. Ra2 Qd8 39. Rb2 Qd7 40. Kf1 Nf5 41. Kg1 Qe7 42. Ra2 c5 43. Ra8 cxd4 44. Qb8 Kh6 45. cxd4 Nxd4 46. Rfa3 Ne6 47. Qa7 Qb4 48. Rh8+ Kg7 49. Rh7+ Kxh7 50. Qxf7+ Kh6 51. Qa7 Qe1+ 52. Kg2 Qd2+ 53. Kf1 Nd4 54. Ra2 Ne3+ 55. Kg1 Qe1+ 56. Kh2 Nf3+ 0-1

[Event "24th European Women Club Cup 2019"]
[Site "Ulcinj"]
[Date "2019.11.16"]
[Round "7.8"]
[White "Guseva, Marina"]
[Black "Skripchenko, Almira"]
[Result "0-1"]
[ECO "E00"]
[WhiteElo "2366"]
[BlackElo "2403"]
[Annotator "NA"]
[PlyCount "136"]
[EventDate "2019.11.10"]
[EventType "team-tourn"]
[EventCountry "MNE"]
[SourceTitle "playchess.com"]
[Source "ChessBase"]
[SourceQuality "1"]
[WhiteTeam "Ugra"]
[BlackTeam "Cercle d`Echecs"]
[TimeControl "40/5400+30:1800+30"]

1. d4 e6 2. c4 Bb4+ 3. Bd2 a5 4. Nf3 d6 5. g3 Nc6 6. Bg2 e5 7. d5 $11 Nb8 8. Nc3 f5 9. a3 Bxc3 10. Bxc3 a4 11. c5 Nf6 12. cxd6 cxd6 13. Bb4 Na6 14. Qxa4+ Bd7 15. Qb3 Qb6 16. O-O Ne4 17. e3 Nxb4 18. Qxb4 Qxb4 19. axb4 Ke7 20. Rfc1 Rhc8 21. Ne1 Nf6 22. Rd1 Rxa1 23. Rxa1 Rc4 24. Rd1 Rxb4 25. Rd2 e4 26. f3 Ba4 27. fxe4 fxe4 28. Bh3 Bd7 29. Bf1 g5 30. h4 h6 31. hxg5 hxg5 32. Be2 Be8 33. Kf2 Bf7 34. Bd1 Bxd5 35. b3 Be6 36. Rd4 Rb5 37. b4 Rf5+ 38. Kg2 Rd5 39. Nc2 Rxd4 40. Nxd4 Nd5 41. Nc2 Bd7 42. Be2 Ba4 43. Bc4 Nc3 44. Nd4 d5 45. Be2 Na2 46. b5 Nc3 47. Kf2 Kd6 48. Bf1 g4 49. Ke1 Kc5 50. Kd2 Nb1+ 51. Kc1 Na3 52. Kd2 Bxb5 53. Nxb5 Nxb5 54. Be2 Nd6 55. Bxg4 Nc4+ 56. Ke2 b5 57. Bd7 Ne5 58. Be6 b4 59. g4 Kd6 60. Bc8 Nc4 61. g5 b3 62. Kd1 Nxe3+ 63. Kc1 Nc4 64. g6 e3 65. Bg4 Ke7 66. Kd1 Kf6 67. Bh5 d4 68. Be2 d3 0-1

[Event "24th European Women Club Cup 2019"]
[Site "Ulcinj"]
[Date "2019.11.16"]
[Round "7.9"]
[White "Muzychuk, Mariya"]
[Black "Khademalsharieh, Sarasadat"]
[Result "1-0"]
[ECO "A10"]
[WhiteElo "2552"]
[BlackElo "2491"]
[Annotator "ChessBase"]
[PlyCount "57"]
[EventDate "2019.11.10"]
[EventType "team-tourn"]
[EventCountry "MNE"]
[SourceTitle "playchess.com"]
[Source "ChessBase"]
[SourceQuality "1"]
[WhiteTeam "Kyiv"]
[BlackTeam "Pentole Agnelli"]
[TimeControl "40/5400+30:1800+30"]

1. c4 b6 2. Nc3 Bb7 3. d4 e6 4. a3 d5 5. cxd5 exd5 6. Nf3 Nf6 7. Bf4 Bd6 8. Ne5 O-O 9. e3 a6 10. Bd3 Nbd7 11. Qf3 Re8 12. Qg3 Qe7 13. Nxd7 Bxf4 14. Qxf4 Qxd7 15. Rc1 Re7 16. O-O Rd8 17. Rc2 Qe8 18. Ne2 c6 19. Ng3 Ne4 20. Nf5 Red7 21. h4 Nd6 22. h5 Nxf5 23. Qxf5 g6 24. Qh3 Rd6 25. f4 Qe7 26. hxg6 fxg6 27. f5 Rf8 28. Rcf2 Bc8 29. fxg6 1-0

[Event "24th European Women Club Cup 2019"]
[Site "Ulcinj"]
[Date "2019.11.16"]
[Round "7.10"]
[White "Paehtz, Elisabeth"]
[Black "Muzychuk, Anna"]
[Result "1/2-1/2"]
[ECO "A48"]
[WhiteElo "2484"]
[BlackElo "2543"]
[Annotator "ChessBase"]
[PlyCount "108"]
[EventDate "2019.11.10"]
[EventType "team-tourn"]
[EventCountry "MNE"]
[SourceTitle "playchess.com"]
[Source "ChessBase"]
[SourceQuality "1"]
[WhiteTeam "Pentole Agnelli"]
[BlackTeam "Kyiv"]
[TimeControl "40/5400+30:1800+30"]

1. d4 Nf6 2. Nf3 g6 3. Bg5 Bg7 4. Nbd2 d5 5. e3 O-O 6. c3 Nbd7 7. Be2 Re8 8. O-O e5 9. h3 c6 10. Bh4 Qb6 11. Qc2 c5 12. Rac1 Qc6 13. a4 a6 14. a5 Ne4 15. c4 Nxd2 16. Nxd2 cxd4 17. cxd5 Qxd5 18. Ne4 Nf8 19. Bc4 Qd7 20. exd4 exd4 21. Rfe1 Ne6 22. Nf6+ Bxf6 23. Bxf6 Qd6 24. Qd2 Bd7 25. Be5 Qf8 26. Bd5 Rac8 27. Rxc8 Bxc8 28. Bxe6 Rxe6 29. Bxd4 Rxe1+ 30. Qxe1 Qd8 31. Qc3 Be6 32. Bh8 Qd1+ 33. Kh2 Qd6+ 34. Be5 Qd5 35. f4 Kf8 36. Bf6 Qd6 37. Bg5 Ke8 38. Qh8+ Kd7 39. Qd8+ Kc6 40. Qb6+ Kd5 41. Qxb7+ Qc6 42. Qb8 Qd6 43. Qh8 Kc6 44. Qxh7 Qd2 45. Qh8 Bd5 46. Qc3+ Qxc3 47. bxc3 Kb5 48. Bd8 Kc4 49. g4 Kxc3 50. Kg3 f5 51. h4 fxg4 52. Kxg4 Be4 53. Kg5 Kc4 54. Kf6 Kd5 {[%emt 0:00:16] Ke6+} 1/2-1/2

[Event "24th European Women Club Cup 2019"]
[Site "Ulcinj"]
[Date "2019.11.16"]
[Round "7.11"]
[White "Abdumalik, Zhansaya"]
[Black "Zimina, Olga"]
[Result "1-0"]
[ECO "B40"]
[WhiteElo "2472"]
[BlackElo "2406"]
[Annotator "ChessBase"]
[PlyCount "109"]
[EventDate "2019.11.10"]
[EventType "team-tourn"]
[EventCountry "MNE"]
[SourceTitle "playchess.com"]
[Source "ChessBase"]
[SourceQuality "1"]
[WhiteTeam "Kyiv"]
[BlackTeam "Pentole Agnelli"]
[TimeControl "40/5400+30:1800+30"]

1. e4 c5 2. Nf3 e6 3. d4 cxd4 4. Nxd4 Nf6 5. Nc3 Nc6 6. Ndb5 Bb4 7. a3 Bxc3+ 8. Nxc3 d5 9. exd5 exd5 10. Bd3 O-O 11. O-O d4 12. Ne2 Bg4 13. h3 Bh5 14. Qd2 Bg6 15. Nf4 Bxd3 16. Qxd3 Re8 17. Rd1 Rc8 18. Qb5 Qa5 19. Qxa5 Nxa5 20. b4 Nc4 21. Kf1 Nd6 22. Rxd4 Nf5 23. Rd2 Ne4 24. Rd5 g6 25. g4 Nh4 26. Ng2 Nxg2 27. Kxg2 Rxc2 28. Be3 Nc3 29. Rd3 Nd5 30. Bh6 Nb6 31. a4 Rc7 32. a5 Nc4 33. Re1 Rec8 34. Bf4 Nb2 35. Rde3 Rc2 36. Re8+ Rxe8 37. Rxe8+ Kg7 38. g5 Nd3 39. Be3 Rc4 40. b5 Nf4+ 41. Kh2 Ne6 42. Rb8 Ra4 43. Bd2 Nd4 44. Bc3 Rc4 45. Bxd4+ Rxd4 46. Rxb7 Rd5 47. h4 Rf5 48. Kg3 h6 49. f4 h5 50. a6 Rc5 51. Kf3 Rd5 52. Ke4 Rf5 53. Rxa7 Rxb5 54. Rb7 Ra5 55. a7 1-0

[Event "24th European Women Club Cup 2019"]
[Site "Ulcinj"]
[Date "2019.11.16"]
[Round "7.12"]
[White "Brunello, Marina"]
[Black "Gaponenko, Inna"]
[Result "1/2-1/2"]
[ECO "B33"]
[WhiteElo "2378"]
[BlackElo "2427"]
[Annotator "NA"]
[PlyCount "53"]
[EventDate "2019.11.10"]
[EventType "team-tourn"]
[EventCountry "MNE"]
[SourceTitle "playchess.com"]
[Source "ChessBase"]
[SourceQuality "1"]
[WhiteTeam "Pentole Agnelli"]
[BlackTeam "Kyiv"]
[TimeControl "40/5400+30:1800+30"]

1. e4 c5 2. Nf3 Nc6 3. d4 cxd4 4. Nxd4 Nf6 5. Nc3 e5 6. Ndb5 d6 7. Bg5 a6 8. Na3 b5 9. Nd5 Be7 10. Bxf6 Bxf6 11. c4 b4 12. Nc2 O-O 13. Be2 Bg5 14. O-O a5 15. Qd3 Be6 16. Rfd1 g6 17. Bf3 Kh8 18. Qe2 Qb8 19. Rd3 Ra7 20. b3 f5 21. Rad1 f4 22. Bg4 Bg8 23. Qf3 Rb7 24. Qh3 Qe8 25. Qf3 Qb8 26. Qh3 Qe8 27. Qf3 1/2-1/2

[Event "24th European Women Club Cup 2019"]
[Site "Ulcinj"]
[Date "2019.11.16"]
[Round "7.13"]
[White "Injac, Teodora"]
[Black "Mammadzada, Gunay"]
[Result "0-1"]
[ECO "A07"]
[WhiteElo "2257"]
[BlackElo "2427"]
[Annotator "NA"]
[PlyCount "94"]
[EventDate "2019.11.10"]
[EventType "team-tourn"]
[EventCountry "MNE"]
[SourceTitle "playchess.com"]
[Source "ChessBase"]
[SourceQuality "1"]
[WhiteTeam "Jelica PEP"]
[BlackTeam "Odlar Yurdu"]
[TimeControl "40/5400+30:1800+30"]

1. Nf3 d5 2. g3 Nf6 3. Bg2 c6 4. O-O Bg4 5. c4 e6 6. d3 Nbd7 7. h3 Bxf3 8. exf3 Bd6 9. f4 O-O 10. Nc3 Nb6 11. b3 Qe7 12. Qc2 Rfe8 13. Be3 Rad8 14. a4 Bb8 15. Ne2 Nbd7 16. d4 Nf8 17. c5 N6d7 18. b4 f6 19. b5 e5 20. bxc6 bxc6 21. Rab1 Rc8 22. Rb7 Rc7 23. Rfb1 Ne6 24. Rxc7 Bxc7 25. Rb7 Bb8 26. Qb1 Rc8 27. f5 Nd8 28. Rb2 exd4 29. Nxd4 Bxg3 30. Rb3 Be5 31. f4 Nxc5 32. fxe5 Nxb3 33. Qxb3 Qxe5 34. Kf2 Kh8 35. Qc2 c5 36. Nf3 Qd6 37. Qd2 d4 38. Bf4 Qd7 39. Nh4 d3 40. Qd1 Nf7 41. Qb3 c4 42. Qb7 Qxb7 43. Bxb7 Rd8 44. Nf3 c3 45. Ke1 Ne5 46. Kd1 d2 47. Be4 Nc4 0-1

[Event "24th European Women Club Cup 2019"]
[Site "Ulcinj"]
[Date "2019.11.16"]
[Round "7.14"]
[White "Fataliyeva, Ulviyya"]
[Black "Velikic, Adela"]
[Result "1-0"]
[ECO "D10"]
[WhiteElo "2368"]
[BlackElo "2275"]
[Annotator "NA"]
[PlyCount "93"]
[EventDate "2019.11.10"]
[EventType "team-tourn"]
[EventCountry "MNE"]
[SourceTitle "playchess.com"]
[Source "ChessBase"]
[SourceQuality "1"]
[WhiteTeam "Odlar Yurdu"]
[BlackTeam "Jelica PEP"]
[TimeControl "40/5400+30:1800+30"]

1. d4 d5 2. c4 c6 3. Nc3 Nf6 4. cxd5 cxd5 5. Bf4 Nc6 6. e3 Bf5 7. Qb3 Na5 8. Qa4+ Bd7 9. Qc2 e6 10. Nf3 Rc8 11. Bd3 Be7 12. Ne5 O-O 13. O-O Nc4 14. Qe2 b5 15. Nxd7 Qxd7 16. b3 b4 17. Nxd5 Nxd5 18. Bxc4 Nxf4 19. exf4 Qxd4 20. f5 e5 21. Rad1 Qf4 22. Rd7 Bc5 23. Qh5 Kh8 24. g3 Qe4 25. Ba6 Rcd8 26. Bd3 Qxd3 27. Rxd3 Rxd3 28. f6 gxf6 29. Qf5 Rd6 30. Re1 Rg8 31. Kg2 Bd4 32. Re4 Rg5 33. Qc8+ Kg7 34. h4 Rg6 35. h5 Rg5 36. h6+ Kg6 37. f4 exf4 38. Qg8+ Kh5 39. Qxf7+ Rg6 40. Rxf4 Be5 41. Rh4+ Kg5 42. Qxh7 Rd2+ 43. Kh3 Rd4 44. Qh8 Rxh4+ 45. gxh4+ Kf4 46. Qg7 Kf5 47. Qh7 1-0

[Event "24th European Women Club Cup 2019"]
[Site "Ulcinj"]
[Date "2019.11.16"]
[Round "7.15"]
[White "Eric, Jovana"]
[Black "Mammadova, Gulnar"]
[Result "1/2-1/2"]
[ECO "C11"]
[WhiteElo "2314"]
[BlackElo "2369"]
[Annotator "NA"]
[PlyCount "111"]
[EventDate "2019.11.10"]
[EventType "team-tourn"]
[EventCountry "MNE"]
[SourceTitle "playchess.com"]
[Source "ChessBase"]
[SourceQuality "1"]
[WhiteTeam "Jelica PEP"]
[BlackTeam "Odlar Yurdu"]
[TimeControl "40/5400+30:1800+30"]

1. e4 e6 2. d4 d5 3. Nc3 Nf6 4. e5 Nfd7 5. f4 c5 6. Nf3 Nc6 7. Be3 Be7 8. Qd2 a6 9. Be2 b5 10. O-O b4 11. Nd1 O-O 12. Nf2 cxd4 13. Nxd4 Qc7 14. c3 Nxd4 15. cxd4 f5 16. exf6 Nxf6 17. Bf3 Bb7 18. Nd3 Ne4 19. Bxe4 dxe4 20. Rac1 Qa5 21. Nc5 Bxc5 22. Rxc5 Qb6 23. d5 Rad8 24. Qe1 exd5 25. Rxd5 Qc6 26. Rxd8 Rxd8 27. Qxb4 Rd3 28. Re1 h6 29. f5 Kh7 30. f6 Rd7 31. Rf1 Rf7 32. Qb3 Qd5 33. Qxd5 Bxd5 34. fxg7 Rxf1+ 35. Kxf1 Bxa2 36. Bd4 a5 37. Ke2 Kg6 38. Ke3 Kf5 39. h3 h5 40. Bc3 a4 41. g3 Bb3 42. Kd4 Bg8 43. Kc5 e3 44. Kd4 e2 45. Kd3 e1=Q 46. Bxe1 Kg6 47. Bc3 Be6 48. Ke4 Kf7 49. g4 hxg4 50. h4 Kg6 51. Kf4 Kh5 52. Ke5 Bb3 53. Be1 Kg6 54. Kf4 Kxg7 55. Kxg4 Kg6 56. Bc3 1/2-1/2

[Event "24th European Women Club Cup 2019"]
[Site "Ulcinj"]
[Date "2019.11.16"]
[Round "7.16"]
[White "Balajayeva, Khanim"]
[Black "Blagojevic, Tijana"]
[Result "1/2-1/2"]
[ECO "D45"]
[WhiteElo "2368"]
[BlackElo "2169"]
[Annotator "NA"]
[PlyCount "146"]
[EventDate "2019.11.10"]
[EventType "team-tourn"]
[EventCountry "MNE"]
[SourceTitle "playchess.com"]
[Source "ChessBase"]
[SourceQuality "1"]
[WhiteTeam "Odlar Yurdu"]
[BlackTeam "Jelica PEP"]
[TimeControl "40/5400+30:1800+30"]

1. Nf3 d5 2. c4 c6 3. d4 Nf6 4. Nc3 e6 5. e3 Nbd7 6. Qc2 Bd6 7. Bd3 dxc4 8. Bxc4 b5 9. Be2 O-O 10. O-O Bb7 11. e4 e5 $14 12. dxe5 Nxe5 13. Nd4 Neg4 14. g3 Bxg3 15. hxg3 Qxd4 16. Qd1 Qxd1 17. Rxd1 h5 18. f3 Ne5 19. Be3 Rfe8 20. Rd6 Re6 21. Rad1 Rxd6 22. Rxd6 Ne8 23. Rd1 Nf6 24. Bd4 Ng6 25. e5 Nd7 26. f4 h4 27. Bg4 Ndf8 28. f5 Bc8 29. e6 fxe6 30. fxg6 e5 31. Bf3 exd4 32. Bxc6 Rb8 33. Rxd4 Bb7 34. Bxb7 Rxb7 35. Rd8 hxg3 36. Ne4 Rb6 37. Nd6 Rc6 38. Nf5 Re6 39. b4 a6 40. Kg2 Re5 41. Nd4 Re3 42. Rc8 Re4 43. Nc6 Re6 44. a3 Re3 45. Nb8 Rd3 46. Nxa6 Rd2+ 47. Kg1 Rd1+ 48. Kg2 Rd2+ 49. Kxg3 Rd6 50. Nc5 Rxg6+ 51. Kf4 Rf6+ 52. Ke3 Rf7 53. Ra8 Re7+ 54. Kf3 Kf7 55. Ne4 Rd7 56. Nc5 Re7 57. Ra5 Ne6 58. Nxe6 Kxe6 59. Rxb5 Ra7 60. Ke4 Rxa3 61. Rb6+ Kd7 62. Kd4 Kc7 63. Rg6 Ra1 64. Kc5 Rh1 65. Rxg7+ Kb8 66. b5 Rh6 67. Kb4 Rf6 68. Ka5 Rh6 69. b6 Rh1 70. Ka6 Ra1+ 71. Kb5 Rb1+ 72. Ka6 Ra1+ 73. Kb5 Rb1+ 1/2-1/2

[Event "24th European Women Club Cup 2019"]
[Site "Ulcinj"]
[Date "2019.11.16"]
[Round "7.17"]
[White "Len, Irina"]
[Black "Gunina, Valentina"]
[Result "0-1"]
[ECO "A46"]
[WhiteElo "2036"]
[BlackElo "2509"]
[Annotator "ChessBase"]
[PlyCount "84"]
[EventDate "2019.11.10"]
[EventType "team-tourn"]
[EventCountry "MNE"]
[SourceTitle "playchess.com"]
[Source "ChessBase"]
[SourceQuality "1"]
[WhiteTeam "Hertzeliya"]
[BlackTeam "Maribor"]
[TimeControl "40/5400+30:1800+30"]

1. d4 Nf6 2. Nf3 e6 3. e3 c5 4. Bd3 Nc6 5. O-O b6 6. b3 Bb7 7. Nbd2 Qc7 8. a3 d5 9. Bb2 Be7 10. Rc1 O-O 11. Qe2 Rfd8 12. Ne5 Nxe5 13. dxe5 Ne4 14. Bxe4 dxe4 15. Rfd1 Rd5 16. Qg4 Rad8 17. Nc4 g6 18. Re1 R8d7 19. a4 Qd8 20. h3 Bf8 21. Bc3 h5 22. Qf4 Ba8 23. g4 g5 24. Qg3 h4 25. Qg2 Bb7 26. Kh2 Bg7 27. Kg1 Rd1 28. Rcxd1 Rxd1 29. Qf1 Rxe1 30. Qxe1 Qd5 31. Qa1 Ba6 32. Nd2 Bf8 33. Qe1 Be7 34. f3 exf3 35. e4 Qc6 36. Nxf3 c4 37. b4 Bb7 38. Nd2 Qxa4 39. Qb1 Qa3 40. Bd4 Qg3+ 41. Kf1 Qxh3+ 42. Ke2 Qxg4+ 0-1